 Dungeon Crawl Stone Soup version 0.29.1-13-g9f3cf754e1 (webtiles) character file.

Game seed: 6289145002574824394

89323 hbarley the Severer (level 15, -5/207 HPs)
             Began as a Hill Orc Fighter on Feb 1, 2023.
             Was a Believer of Uskayaw.
             Killed from afar by a salamander mystic (13 damage)
             ... with a bolt of magma
             ... on level 3 of the Snake Pit.
             The game lasted 01:33:25 (30424 turns).

hbarley the Severer (Hill Orc Fighter)             Turns: 30424, Time: 01:33:25

Health: -5/207     AC: 27    Str: 25    XL:     15   Next: 96%
Magic:  23/23      EV:  2    Int:  8    God:    Uskayaw [**....]
Gold:   1624       SH: 10    Dex: 18    Spells: 14/14 levels left

rFire   . . .      SeeInvis .   B - +3 broad axe (flame)
rCold   . . .      Faith    .   r - +3 buckler
rNeg    . . .      Spirit   .   (body armour currently unavailable)
rPois   +          Reflect  .   (helmet currently unavailable)
rElec   .          Harm     .   (cloak currently unavailable)
rCorr   .          Rampage  .   (gloves currently unavailable)
Will    ++...      NoTele   +   (boots currently unavailable)
Stlth   +++++.....              X - amulet of the acrobat
HPRegen 0.44/turn               i - +6 ring of dexterity
MPRegen 0.18/turn               s - ring of willpower

@: tree-form, weakened
A: stationary, stasis, torment immunity, boosted hp
a: Renounce Religion, Stomp, Line Pass


You were on level 3 of the Snake Pit.
You worshipped Uskayaw.
Uskayaw was aware of your devotion.
You were a tree.
You visited 3 branches of the dungeon, and saw 22 of its levels.

You collected 1624 gold pieces.

Inventory:

Hand Weapons
 B - a +3 broad axe of flaming (weapon)
 H - a +4 war axe
Missiles
 y - a throwing net
 G - 2 curare-tipped darts
 Q - 40 poisoned darts (quivered)
Armour
 r - a +3 buckler (worn)
 C - +1 swamp dragon scales (melded)
 K - a +4 scale mail of cold resistance
 O - a +1 hat of intelligence (melded)
 S - the +2 pair of boots "Acseut" (melded) {rC+}
   (You found it on level 2 of the Lair of Beasts)

   rC:        It protects you from cold.
 Y - a +0 pair of gloves of hurling (melded)
Jewellery
 f - a +4 ring of evasion
 i - a +6 ring of dexterity (left branch)
 s - a ring of willpower (right branch)
 x - a ring of resist corrosion
 E - a ring of protection from fire
 P - a ring of positive energy
 V - a ring of poison resistance
 W - a +4 ring of slaying
 X - an amulet of the acrobat (around neck)
 Z - a ring of protection from cold
Wands
 b - a wand of polymorph (5)
 e - a wand of mindburst (5)
 l - a wand of digging (9)
 n - a wand of roots (12)
 q - a wand of paralysis (17)
 M - a wand of acid (8)
Scrolls
 a - 4 scrolls of fog
 j - a scroll of acquirement {unknown}
 m - 3 scrolls of identify
 o - 2 scrolls of enchant armour
 p - 2 scrolls of blinking
 v - 2 scrolls of torment {unknown}
 w - 4 scrolls of fear
 A - 2 scrolls of poison
 D - 3 scrolls of enchant weapon
 J - 7 scrolls of teleportation
 R - a scroll of silence {unknown}
 T - 5 scrolls of magic mapping
Potions
 d - 3 potions of might
 g - a potion of berserk rage {unknown}
 h - 3 potions of mutation
 k - 3 potions of lignification
 t - a potion of resistance {unknown}
 u - a potion of curing
 z - 3 potions of haste
 F - 2 potions of magic {unknown}
 I - 3 potions of flight
 N - 3 potions of cancellation {unknown}
Miscellaneous
 c - a phantom mirror
 L - a tin of tremorstones (2/2)


   Skills:
 + Level 14.1 Fighting
 + Level 19.7 Axes
 + Level 1.1 Throwing
 + Level 10.7 Armour
 + Level 6.2 Dodging
 + Level 11.3 Stealth
 + Level 9.3 Shields
 * Level 11.1 Invocations
 + Level 3.2 Evocations


You had 14 spell levels left.
You didn't know any spells.
Your spell library contained the following spells:

 Spells                   Type           Power      Damage    Failure   Level
 Magic Dart               Conj           0%         1d3       47%         1
 Slow                     Hex            0%         N/A       47%         1
 Ensorcelled Hibernation  Hex/Ice        0%         N/A       63%         2
 Searing Ray              Conj           0%         2d4       63%         2
 Static Discharge         Conj/Air       0%         3-3/arc   63%         2
 Confusing Touch          Hex            0%         N/A       85%         3
 Ignite Poison            Fire/Tmut/Pois 0%         N/A       85%         3
 Mephitic Cloud           Conj/Pois/Air  0%         N/A       85%         3
 Spider Form              Tmut/Pois      0%         N/A       85%         3
 Vampiric Draining        Necr           0%         2d6       85%         3
 Anguish                  Hex/Necr       0%         N/A       99%         4
 Animate Armour           Summ/Erth      0%         N/A       99%         4
 Dispel Undead            Necr           0%         3d6       99%         4
 Fulminant Prism          Conj/Hex       0%         3d6       99%         4
 Sticky Flame             Conj/Fire      0%         2d3       99%         4
 Summon Lightning Spire   Summ/Air       0%         N/A       99%         4
 Blade Hands              Tmut           0%         N/A       100%        5
 Freezing Cloud           Conj/Ice/Air   0%         6-21      100%        5
 Iron Shot                Conj/Erth      0%         9d1       100%        6
 Storm Form               Tmut/Air       0%         N/A       100%        7
 Maxwell's Capacitive Co  Air            0%         ∞         100%        8


Dungeon Overview and Level Annotations

Branches:
Dungeon (15/15)            Temple (0/1) D:7            Lair (4/5) D:8
 Shoals (0/4) Lair:3        Snake (3/4) Lair:3          Orc (0/2) D:10
 Vaults (0/5) D:13         Depths (0/4) D:15
  Slime: Lair:4-5

Altars:
Ashenzari
Cheibriados
Dithmenos
Elyvilon
Fedhas
Kikubaaqudgha
Makhleb
Ru
Trog
Uskayaw
Vehumet
Wu Jian
Xom
Yredelemnul
Zin
The Shining One

Shops:
D:15 [

Annotations:
D:15 test


Message History

You slash the salamander!
You hit the salamander mystic but do no damage.
The salamander tyrant barely misses you.
The salamander closely misses you.
You can now pass through a line of other dancers.
You slash the salamander tyrant!
The salamander tyrant is severely wounded.
You hit the salamander but do no damage.
You slash the salamander mystic! You block the salamander's attack.
You block the salamander mystic's attack.
The salamander tyrant gazes fiercely through you!
You feel as though you will be weak longer.
The salamander tyrant hits you!
You are engulfed in flames!!
You feel better. You block the salamander's attack.
You block the salamander tyrant's attack.
The salamander mystic hits you but does no damage.
The salamander hits you!
You are engulfed in flames!
The salamander tyrant hits you!
You are engulfed in flames!!
* * * LOW HITPOINT WARNING * * *
Really quaff the potion of lignification?
Uppercase [Y]es or [N]o only, please.
Really quaff the potion of lignification?
You turn into a tree.
Your +1 hat of intelligence melds into your body.
Your +0 pair of gloves of hurling melds into your body.
The +2 pair of boots "Acseut" {rC+} melds into your body.
Your +1 swamp dragon scales melds into your body.
You feel stupid.
Your aim is not that steady anymore.
Your roots penetrate the ground.
The salamander hits you.
* * * LOW HITPOINT WARNING * * *
You are engulfed in flames!
* * * LOW HITPOINT WARNING * * *
The salamander tyrant hits you!
* * * LOW HITPOINT WARNING * * *
You are engulfed in flames!
* * * LOW HITPOINT WARNING * * *
The salamander mystic casts a spell at you.
The bolt of magma hits you!
You die...

#####################
...#.#..........#N..#
.........#......♣N.#
.#.......#...≈...N....#
###########..###.##....#
#........... ....
#..########## ### #.#
########.# ......#..#
......#..#


You could see a salamander tyrant (fast), a salamander mystic and a salamander
(fast).

Vanquished Creatures
  Rupert (Lair:4)
  Gastronok (Lair:3)
  An ironbound preserver (D:13)
  Josephine (D:13)
  10 hydras
  8 naga warriors
  An anaconda (Snake:1)
  A boulder beetle (D:9)
  5 centaur warriors
  A tengu warrior (D:13)
  Urug (Lair:3)
  2 shock serpents
  4 naga sharpshooters
  Sonja (Lair:3)
  4 skeletal warriors (D:14)
  Amaemon (D:8)
  A glowing orange brain (D:15)
  A naga ritualist (Snake:1)
  Pikel (D:6)
  24 ugly things
  2 deep elf pyromancers
  5 cyclopes
  A mana viper (shapeshifter) (D:15)
  An oklob plant (Lair:2)
  4 mana vipers
  8 salamanders
  5 manticores
  2 guardian serpents
  7 naga magi
  2 merfolk sirens (Lair:3)
  3 elephants (Lair:4)
  26 black mambas
  Maurice (D:8)
  An orange demon (D:8)
  2 gargoyles (D:12)
  7 cane toads
  Maggie (D:6)
  4 komodo dragons
  A rime drake (Lair:4)
  2 kobold demonologists (D:12)
  A yaktaur (shapeshifter) (D:13)
  3 meliai (D:14)
  2 trolls
  2 merfolk (Lair:3)
  8 slime creatures
  12 blink frogs
  Grinder (D:3)
  Sigmund (D:5)
  2 shadows
  11 wraiths
  27 yaks
  A vampire (D:11)
  3 wyverns
  A steam dragon (D:7)
  7 basilisks
  A chaos spawn (D:12)
  15 vampire mosquitoes
  3 acid dragons
  28 nagas
  10 water moccasins
  Duvessa (D:7)
  2 orc warriors
  2 ice beasts
  A black bear (D:7)
  3 ogres
  10 centaurs
  3 kobold brigands
  2 lemures (D:6)
  9 bullfrogs
  A gnoll sergeant (D:12)
  8 wights (D:8)
  Dowan (D:7)
  5 killer bees (D:10)
  An electric eel (Lair:1)
  3 howler monkeys (D:12)
  A crimson imp (D:12)
  5 jellies
  3 orc priests (D:3)
  A gnoll bouda (Lair:4)
  4 hounds
  Jessica (D:2)
  Terence (D:2)
  4 orc wizards
  8 iguanas
  7 gnolls
  14 adders
  4 river rats (D:6)
  A white imp (D:7)
  2 ufetubi
  2 worms
  2 dart slugs
  15 orcs
  5 ball pythons
  6 endoplasms
  4 giant cockroaches
  7 goblins
  5 hobgoblins
  3 jackals
  8 quokkas
  5 bats
  4 frilled lizards
  17 kobolds
  6 rats
  A spectral kobold (D:2)
492 creatures vanquished.

Vanquished Creatures (others)
  20 fungi
  85 plants
105 creatures vanquished.

Grand Total: 597 creatures vanquished

Notes
Turn   | Place    | Note
-------+----------+-------------------------------------------
     0 | D:1      | hbarley the Hill Orc Fighter began the quest for the Orb.
     0 | D:1      | Reached XP level 1. HP: 19/19 MP: 1/1
    82 | D:1      | Reached XP level 2. HP: 23/27 MP: 2/2
   226 | D:1      | Reached skill level 3 in Axes
   575 | D:1      | You fall into a shaft and drop 1 floor!
   597 | D:2      | Noticed Jessica
   602 | D:2      | Reached XP level 3. HP: 33/33 MP: 3/3
   602 | D:2      | Killed Jessica
   671 | D:2      | Reached XP level 4. HP: 39/41 MP: 4/4
   672 | D:2      | Reached skill level 4 in Axes
   921 | D:2      | Found a faded altar of an unknown god.
   953 | D:2      | Noticed Terence
   960 | D:2      | Killed Terence
   961 | D:2      | Reached XP level 5. HP: 33/47 MP: 5/5
  2141 | D:3      | Reached skill level 5 in Axes
  2141 | D:3      | Reached skill level 1 in Dodging
  2266 | D:3      | Noticed Grinder
  2284 | D:3      | Killed Grinder
  2285 | D:3      | Reached skill level 6 in Axes
  2285 | D:3      | Reached XP level 6. HP: 39/55 MP: 6/6
  2604 | D:3      | Reached XP level 7. HP: 34/60 MP: 7/7
  2938 | D:4      | Found a hide-covered altar of Uskayaw.
  2968 | D:4      | Became a worshipper of Uskayaw the Reveller
  2998 | D:4      | Reached * piety under Uskayaw
  2999 | D:4      | Reached skill level 7 in Axes
  3250 | D:4      | Reached ** piety under Uskayaw
  3387 | D:4      | Reached skill level 5 in Fighting
  3549 | D:4      | Found a shadowy altar of Dithmenos.
  3575 | D:4      | Reached skill level 5 in Armour
  3730 | D:5      | Entered Level 5 of the Dungeon
  3964 | D:5      | Found a blossoming altar of Fedhas.
  4096 | D:5      | Reached skill level 8 in Axes
  4098 | D:5      | Reached *** piety under Uskayaw
  4384 | D:5      | Reached XP level 8. HP: 29/69 MP: 8/8
  4659 | D:5      | Noticed Sigmund
  4669 | D:5      | Killed Sigmund
  4670 | D:5      | Reached skill level 9 in Axes
  4854 | D:5      | Reached skill level 1 in Stealth
  4995 | D:5      | Found a shimmering altar of Xom.
  4998 | D:5      | Found a bloodstained altar of Trog.
  5000 | D:5      | Found a burning altar of Makhleb.
  5049 | D:6      | Noticed Pikel
  5061 | D:6      | Reached **** piety under Uskayaw
  5068 | D:6      | Killed Pikel
  5069 | D:6      | Reached skill level 10 in Axes
  5069 | D:6      | Reached skill level 1 in Evocations
  5069 | D:6      | Reached XP level 9. HP: 39/75 MP: 9/9
  5294 | D:6      | Noticed Maggie
  5315 | D:6      | Killed Maggie
  5347 | D:6      | Found a glowing silver altar of Zin.
  5809 | D:6      | Reached skill level 11 in Axes
  6037 | D:6      | Found a glowing golden altar of the Shining One.
  6140 | D:6      | Found an ancient bone altar of Kikubaaqudgha.
  6367 | D:7      | Noticed Duvessa
  6370 | D:7      | Noticed Dowan
  6378 | D:7      | Killed Duvessa
  6380 | D:7      | Killed Dowan
  6649 | D:7      | Reached skill level 12 in Axes
  6652 | D:7      | Noticed a cyclops
  7003 | D:7      | Killed a cyclops
  7004 | D:7      | Reached XP level 10. HP: 86/86 MP: 10/10
  7034 | D:7      | Reached skill level 5 in Shields
  7050 | D:7      | Noticed a purple ugly thing
  7060 | D:7      | Killed a purple ugly thing
  7205 | D:7      | Identified the +8 mace "Hyepnyot" {vorpal, Int-4 SInv
                  | Stlth+}
  7266 | D:7      | Reached skill level 13 in Axes
  7712 | D:7      | Found an ornate altar of the Wu Jian Council.
  7713 | D:7      | Found a white marble altar of Elyvilon.
  7974 | D:7      | Found a staircase to the Ecumenical Temple.
  8043 | D:8      | Noticed an orange demon
  8070 | D:8      | Noticed Amaemon
  8081 | D:8      | Killed an orange demon
  8084 | D:8      | Reached ***** piety under Uskayaw
  8090 | D:8      | Paralysed by Amaemon for 2 turns
  8094 | D:8      | Reached ****** piety under Uskayaw
  8097 | D:8      | Killed Amaemon
  8247 | D:8      | Found a sacrificial altar of Ru.
  8287 | D:8      | Reached skill level 14 in Axes
  8330 | D:8      | Noticed Maurice
  8346 | D:8      | Killed Maurice
  8347 | D:8      | Reached skill level 5 in Stealth
  8557 | D:8      | Reached XP level 11. HP: 86/94 MP: 11/11
  8798 | D:8      | Found a staircase to the Lair.
  8841 | D:8      | HP: 3/89 [komodo dragon (10)]
  9708 | D:9      | Noticed a boulder beetle
  9719 | D:9      | Killed a boulder beetle
  9720 | D:9      | Reached skill level 15 in Axes
 10146 | D:9      | Found a radiant altar of Vehumet.
 10504 | D:10     | Entered Level 10 of the Dungeon
 10565 | D:10     | Found a staircase to the Orcish Mines.
 10604 | D:10     | Noticed a manticore
 10615 | D:10     | Killed a manticore
 10861 | D:10     | Found a basalt altar of Yredelemnul.
 11264 | D:10     | Noticed a centaur warrior
 11271 | D:10     | Killed a centaur warrior
 11304 | D:10     | Found a snail-covered altar of Cheibriados.
 11534 | D:11     | Noticed a five-headed hydra
 11541 | D:11     | Killed a two-headed hydra
 11577 | D:11     | Noticed a seven-headed hydra
 11586 | D:11     | Killed a two-headed hydra
 11587 | D:11     | Reached skill level 16 in Axes
 11587 | D:11     | Reached XP level 12. HP: 39/106 MP: 12/12
 13337 | D:12     | Reached skill level 10 in Fighting
 15024 | Lair:1   | Entered Level 1 of the Lair of Beasts
 15915 | Lair:2   | Identified the +2 pair of boots "Acseut" {rC+}
 15945 | Lair:2   | Identified the +1 scale mail of Inference {Harm Stlth+}
 16087 | Lair:2   | Reached skill level 17 in Axes
 16770 | Lair:3   | Noticed a five-headed hydra
 16779 | Lair:3   | Killed a two-headed hydra
 16780 | Lair:3   | Reached skill level 1 in Invocations
 16798 | Lair:3   | Reached XP level 13. HP: 56/116 MP: 14/14
 17009 | Lair:3   | Found a staircase to the Shoals.
 17042 | Lair:3   | Reached skill level 1 in Throwing
 17224 | Lair:3   | Reached skill level 18 in Axes
 17282 | Lair:3   | Noticed Urug
 17302 | Lair:3   | Killed Urug
 17565 | Lair:3   | Found a staircase to the Snake Pit.
 17578 | Lair:3   | Noticed Sonja
 17692 | Lair:3   | Killed Sonja
 17945 | Lair:3   | Noticed Gastronok
 17972 | Lair:3   | Killed Gastronok
 18961 | Lair:4   | Noticed Rupert
 18971 | Lair:4   | Killed Rupert
 19421 | Lair:4   | Reached skill level 5 in Invocations
 20495 | D:13     | Reached skill level 10 in Armour
 20632 | D:13     | Reached XP level 14. HP: 126/126 MP: 18/18
 20643 | D:13     | Found a shimmering altar of Xom.
 20644 | D:13     | Found a shimmering altar of Xom.
 20644 | D:13     | Found a shimmering altar of Xom.
 20678 | D:13     | Reached skill level 5 in Dodging
 20758 | D:13     | Noticed Josephine
 20769 | D:13     | Killed Josephine
 20933 | D:13     | Identified the +9 dagger "Omeapsegu" {holy, Fragile rElec
                  | rC++}
 21379 | D:13     | Found a gate to the Vaults.
 21379 | D:13     | Noticed an ironbound preserver
 21394 | D:13     | Killed an ironbound preserver
 22918 | D:14     | Found a broken altar of Ashenzari.
 23904 | D:15     | Entered Level 15 of the Dungeon
 24108 | D:15     | Reached skill level 19 in Axes
 24154 | D:15     | Found a staircase to the Depths.
 24172 | D:15     | Reached skill level 10 in Stealth
 24333 | D:15     | Found Afrilosk's Armour Emporium.
 24569 | D:15     | Reached XP level 15. HP: 117/135 MP: 21/21
 24785 | D:15     | Found a shimmering altar of Xom.
 25611 | Snake:1  | Entered Level 1 of the Snake Pit
 26912 | Snake:1  | Reached skill level 10 in Invocations
 29875 | Snake:3  | Found a shimmering altar of Xom.
 30424 | Snake:3  | HP: 8/207 [salamander tyrant (15)]
 30424 | Snake:3  | Killed from afar by a salamander mystic

Illustrated notes

Levels and vault maps discovered:
D:1:      lightli_arrival_chessboard, layout_loops_ring, chequers_garden,
          ebering_dispersal_statue_hall, grunt_decor_cap
D:2:      layout_loops_ring, dreamdust_ecumenical_altar_drowned_temple,
          minivault_4, kennysheep_generic_room_14, uniq_jessica, uniq_terence
D:3:      layout_rooms, uniq_grinder
D:4:      layout_basic, mainiacjoe_overflow_small_starburst,
          eat_drink_and_be_merry_uskayaw, grunt_ministairs_14,
          dreamdust_mushroom_princess
D:5:      layout_gridville, fedhas_ov_isle_minmay,
          grunt_temple_overflow_diamond, minmay_misc_feat_nine_boxes,
          uniq_sigmund
D:6:      wad_woods_stonehenge, layout_basic, kennysheep_little_box,
          lemuel_crystal_altar, uniq_maggie, uniq_pikel
D:7:      minmay_the_grid_plus [minmay_the_grid_slots, minmay_the_grid_doors,
          minmay_the_grid_dragon_b, minmay_the_grid_x,
          minmay_the_grid_prize_shrinking_boxes], layout_basic,
          gammafunk_temple_overflow_pools, minmay_temple_entry_glassed_door,
          nicolae_ossuary_entry_monument, uniq_duvessa
D:8:      layout_basic, nicolae_ru_great_annihilating_truth,
          david_lair_shrubbed, uniq_amaemon, uniq_maurice
D:9:      minmay_curly_fans, layout_cave_pods, vehumet_crystals,
          roderic_roman_lattice, corner_web_ring
D:10:     nicolae_cairo_tiling_large_dashed, layout_irregular_city,
          mainiacjoe_overflow_surrounded_room, cheibriados_altar_1
D:11:     layout_stronghold
D:12:     kennysheep_demon_hangout, layout_gridville
D:13:     layout_long_grid, skrybe_vaults_entry_preservation, xom_shifter_show,
          uniq_josephine
D:14:     layout_basic, nicolae_ashenzari_skybound, gauntlet_entry_generic,
          nicolae_wwwww
D:15:     gammafunk_enter_depths_forms, layout_loops_corners, serial_shops,
          nicolae_diamond_shop, lemuel_doored_altar
Lair:1:   layout_loops_ring, infiniplex_staircase_pool, serial_bayou_shore_b
Lair:2:   layout_chaotic_city
Lair:3:   layout_hall_layers, elwin_shoals_entry_stream,
          guppyfry_snake_entry_island, uniq_gastronok, uniq_urug, uniq_sonja
Lair:4:   layout_regular_city, dreamdust_gnoll_shepherd, grunt_megastairs_5,
          uniq_rupert
Snake:1:  layout_misc_corridors, grunt_ministairs_10, grunt_megastairs_4
Snake:2:  layout_grid_maze, grunt_megastairs_2, lemuel_fruit_tree
Snake:3:  layout_concentric_octagons, basic_altar, nicolae_snake_gridmaze_spiral

Skill      XL: |  1  2  3  4  5  6  7  8  9 10 11 12 13 14 15 |
---------------+----------------------------------------------+-----
Axes           | 3 4 6 8 10 12 14 16 17 18 19 | 19.7
Fighting       | 4 5 6 7 8 9 11 12 13 14 | 14.1
Armour         | 4 5 6 7 8 9 10 | 10.7
Dodging        | 1 2 3 4 5 6 |  6.2
Shields        | 4 5 6 7 8 9 |  9.3
Stealth        | 1 3 5 6 7 8 10 11 | 11.3
Evocations     | 1 2 3 |  3.2
Invocations    | 2 6 9 11 | 11.1
Throwing       | 1 |  1.1

Action                   |  1- 3 |  4- 6 |  7- 9 | 10-12 | 13-15 || total
-------------------------+-------+-------+-------+-------+-------++-------
Melee: War axe           |    79 |   131 |   159 |       |       ||   369
       Broad axe         |       |       |    86 |   383 |   735 ||  1204
Throw: Dart              |       |       |       |     6 |       ||     6
Evoke: Wand              |       |     1 |     8 |    13 |    26 ||    48
  Use: Scroll            |       |       |     5 |    12 |     6 ||    23
       Potion            |       |       |     2 |     5 |    15 ||    22
 Stab: Paralysed         |       |       |    18 |    33 |   101 ||   152
       Sleeping          |       |       |     1 |     9 |    20 ||    30
       Invisible         |       |       |       |     1 |       ||     1
       Distracted        |       |       |       |       |     1 ||     1
Armor: Scale mail        |    35 |    50 |       |       |       ||    85
       Chain mail        |       |       |    54 |       |       ||    54
       Swamp dragon scal |       |       |    23 |    97 |   203 ||   323
Dodge: Dodged            |    56 |    93 |   120 |   185 |   301 ||   755
Block: Buckler           |    29 |    24 |    43 |    83 |   290 ||   469
